 Dungeon Crawl Stone Soup version 0.29.1-1-gd02db6906a (webtiles) character file.

Game seed: 7085610727715415243

26 falcothegreat the Poker (level 3, -3/30 HPs)
             Began as a Merfolk Monk on Sept 25, 2022.
             Slain by a kobold
             ... wielding a +0 short sword of electrocution
              (9 damage)
             ... on level 1 of the Dungeon.
             The game lasted 00:12:56 (978 turns).

falcothegreat the Poker (Merfolk Monk)               Turns: 978, Time: 00:12:57

Health: -3/30      AC:  2    Str: 11    XL:     3   Next: 8%
Magic:  3/3        EV: 14    Int: 11    God:
Gold:   106        SH:  0    Dex: 16    Spells: 1/2 levels left

rFire   . . .      SeeInvis .   a - +0 spear
rCold   . . .      Faith    .   (no shield)
rNeg    . . .      Spirit   .   b - +0 robe
rPois   .          Reflect  .   (no helmet)
rElec   .          Harm     .   (no cloak)
rCorr   .          Rampage  .   (no gloves)
Will    .....                   (no boots)
Stlth   ++........              (no amulet)
HPRegen 0.10/turn               (no ring)
MPRegen 0.08/turn               (no ring)

@: no status effects
A: (nimble swimmer 2), mertail
a: no special abilities


You were on level 1 of the Dungeon.
You visited 1 branch of the dungeon, and saw 1 of its levels.

You collected 106 gold pieces.

Inventory:

Hand Weapons
 a - a +0 spear (weapon)
Missiles
 g - 4 boomerangs (quivered)
 h - 7 stones
Armour
 b - a +0 robe (worn)
 k - a +0 robe
Scrolls
 e - a scroll of fear {unknown}
 f - 2 scrolls of enchant weapon {unknown}
 i - a scroll of identify {unknown}
 j - a scroll of magic mapping {unknown}
Potions
 c - a potion of ambrosia
 d - a potion of curing
 l - a potion of berserk rage {unknown}


   Skills:
 + Level 3.6 Fighting
 + Level 4.5 Polearms
 + Level 4.3 Dodging
 + Level 2.6 Stealth


You had one spell level left.
You knew the following spells:

 Your Spells              Type           Power      Damage    Failure   Level
a - Beastly Appendage     Tmut           0%         N/A       34%         1

Your spell library contained the following spells:

 Spells                   Type           Power      Damage    Failure   Level
 Blink                    Tloc           0%         N/A       47%         2
 Wereblood                Tmut           0%         N/A       47%         2
 Lesser Beckoning         Tloc           0%         N/A       71%         3
 Spider Form              Tmut/Pois      0%         N/A       71%         3
 Manifold Assault         Tloc           0%         N/A       100%        5


Dungeon Overview and Level Annotations

Branches:
Dungeon (1/15)

Altars:


Innate Abilities, Weirdness & Mutations

((You are very nimble when in or above water. (Stealth+, EV+, Speed+++)))
Your lower body shifts to a powerful aquatic tail in water.


Message History

You feel clever. x2
Okay, then.
HP restored.
A kobold comes into view. It is wielding a +0 short sword.
You see here a ball python corpse.
A bat comes into view.
The kobold shouts!
The bat moves out of view.
A quokka comes into view.
You reach to attack!
You hit the kobold.
You kill the kobold!
You reach to attack!
You hit the quokka.
You kill the quokka!
Found an emerald potion.
Things that are here:
a +0 short sword; a quokka corpse
Things that are here:
a +0 short sword; a quokka corpse
l - an emerald potion You now have 106 gold pieces (gained 14).
A kobold comes into view.
It is wielding a +0 short sword of electrocution.
You reach to attack!
The helpless kobold fails to defend itself.
You hit the kobold but do no damage. You closely miss the kobold.
The kobold hits you but does no damage.
You hit the kobold but do no damage.
The kobold hits you with a +0 short sword of electrocution.
You are electrocuted!
The kobold attacks as you move away!
The kobold hits you with a +0 short sword of electrocution.
It was a potion of curing.
You feel better.
The kobold hits you with a +0 short sword of electrocution.
You are electrocuted!
Ouch! That really hurt!
* * * LOW HITPOINT WARNING * * *
You feel better.
The kobold hits you with a +0 short sword of electrocution.
* * * LOW HITPOINT WARNING * * *
You are electrocuted!
You die...

.##.####.##.#...........#..#.#..#
.................................
.##.####.##.#.####.........###..#
.##.# #.##.#.####...>..........#
.#### #.##...........††#...##.##
.# #.##.............#...##.# .#
##.##...##................ ..
........##.#......#...##.# .#
######..##@#..........##.#
.....#...K.#..........#
........####.............
####.....................
#.#............#...##..
#.....###............ .. .......#
#..#....#...## ###^..... #
#.....#


You could see a kobold.

Vanquished Creatures
  3 ball pythons (D:1)
  2 bats (D:1)
  3 endoplasms (D:1)
  A goblin (D:1)
  A hobgoblin (D:1)
  4 jackals (D:1)
  3 kobolds (D:1)
  A quokka (D:1)
  3 frilled lizards (D:1)
  A rat (D:1)
22 creatures vanquished.

Notes
Turn   | Place    | Note
-------+----------+-------------------------------------------
     0 | D:1      | falcothegreat the Merfolk Monk began the quest for the Orb.
     0 | D:1      | Reached XP level 1. HP: 18/18 MP: 1/1
   135 | D:1      | Reached XP level 2. HP: 9/24 MP: 2/2
   753 | D:1      | Learned a level 1 spell: Beastly Appendage
   868 | D:1      | Reached XP level 3. HP: 24/29 MP: 3/3
   977 | D:1      | HP: 1/30 [kobold/+0 short sword of electrocution (17)]
   978 | D:1      | Slain by a kobold

Illustrated notes

Levels and vault maps discovered:
D:1:      lightli_arrival_lavapool, layout_basic, minmay_tromino_v4_b

Action                   || total
-------------------------++-------
Melee: Spear             ||    78
 Cast: Beastly Appendage ||     1
  Use: Potion            ||     2
 Stab: Sleeping          ||     4
Armor: Robe              ||     5
Dodge: Dodged            ||    43
